 Dungeon Sprint DCSS version 0.31-a0-1395-g7c67ea8c80 (webtiles) character file.

Game seed: 2992091473675814362

26 Groucho the Trooper (level 3, -3/36 HPs)
             Began as a Naga Fighter on Dec 25, 2023.
             Was a Follower of Cheibriados.
             Incinerated by a deep elf pyromancer (13 damage)
             ... with a pyre arrow
             ... in the Dungeon (Sprint V: "Ziggurat Sprint").
             The game lasted 00:02:09 (550 turns).

Groucho the Trooper (Naga Fighter)                   Turns: 550, Time: 00:02:10

Health: -3/36      AC: 22    Str: 32    XL:     3   Next: 8%
Magic:  4/4        EV:  0    Int: 10    God:    Cheibriados [*.....]
Gold:   0          SH: 27    Dex: 14    Spells: 2/2 levels left

rFire   . . .        k - +6 shillelagh "Devastator" {shatter}
rCold   . . .        c - +18 shield of the Gong {Loud rN+ Will+ rCorr EV-5}
rNeg    + . .        b - +15 Maxwell's patent armour {-Cast -Tele rElec Will+ rCorr}
rPois   +            (no helmet)
rElec   +            (no cloak)
rCorr   +            (no gloves)
SInv    +            (no barding)
Will    ++...        (no amulet) Stlth
                     q - +6 ring of strength
HPRegen 0.26/turn    r - +6 ring of strength
MPRegen 0.09/turn

%: no teleportation, no spellcasting
@: on fire, glowing, very slow
A: AC +1, large, see invisible, deformed body, poison resistance, slowness 2,
spit poison 1, naga tail 1
a: Spit Poison, Renounce Religion, Bend Time


You were in the Dungeon.
You worshipped Cheibriados.
Cheibriados was aware of your devotion.
You visited 1 branch

Inventory:

Hand Weapons
 k - the +6 shillelagh "Devastator" (weapon) {shatter}
   (You found it in the Dungeon)
 C - a +5 hand cannon
Armour
 a - +5 gold dragon scales
 b - the +15 Maxwell's patent armour (worn) {-Cast -Tele rElec Will+ rCorr}
   (You found it in the Dungeon)

   rElec:     It insulates you from electricity.
   Will+:     It increases your willpower.
   -Cast:     It prevents spellcasting.
   -Tele:     It prevents most forms of teleportation.
   rCorr:     It protects you from acid and corrosion.
 c - the +18 shield of the Gong (worn) {Loud rN+ Will+ rCorr EV-5}
   (You found it in the Dungeon)

   Loud:      It is deafeningly noisy when blocking attacks.
   EV-5:      It affects your evasion (-5).
   rN+:       It protects you from negative energy.
   Will+:     It increases your willpower.
   rCorr:     It protects you from acid and corrosion.
Jewellery
 l - a ring of flight
 m - a +6 ring of dexterity
 n - a +6 ring of dexterity
 o - a +6 ring of intelligence
 p - a +6 ring of intelligence
 q - a +6 ring of strength (left hand)
 r - a +6 ring of strength (right hand)
Wands
 s - a wand of mindburst (7)
 t - a wand of acid (7)
 D - a wand of polymorph (4)
Scrolls
 j - 4 scrolls of blinking
 y - 4 scrolls of amnesia
 z - 7 scrolls of fog
 A - 5 scrolls of identify
 B - 2 scrolls of fear
Potions
 d - 6 potions of might
 e - 10 potions of curing
 f - 9 potions of heal wounds
 g - 6 potions of haste
 h - 7 potions of magic
 i - 3 potions of berserk rage
 u - 2 potions of brilliance
 v - 2 potions of invisibility
 w - 4 potions of resistance
 x - a potion of experience


   Skills:
 + Level 3.8 Fighting
 - Level 2.0(2.4) Axes
 + Level 2.1(2.5) Maces & Flails
 + Level 3.1 Armour
 + Level 1.6 Dodging
 + Level 3.4 Shields
 + Level 2.2 Invocations


You had 2 spell levels left.
You didn't know any spells.
Your spell library was empty.

Dungeon Overview and Level Annotations

Branches:
Dungeon (1/1)

Altars:
Ashenzari
Cheibriados
Dithmenos
Elyvilon
Fedhas
Gozag
Hepliaklqana
Kikubaaqudgha
Makhleb
Nemelex Xobeh
Okawaru
Qazlal
Ru
Sif Muna
Trog
Uskayaw
Vehumet
Wu Jian
Xom
Yredelemnul
Zin
The Shining One
Jiyva
Lugonu

Annotations:
D 1 transporter


Innate Abilities, Weirdness & Mutations

Your serpentine skin is tough. (AC +1)
You have supernaturally acute eyesight. (SInv)
Armour fits poorly on your strangely shaped body.
Your system is resistant to poisons. (rPois)
You cover ground very slowly.
You can spit poison.
You have a snake-like lower body.


Message History

Unknown command.
You shake off some of the fire as you move.
The liquid fire burns you!
Ouch! That really hurt!
* * * LOW HITPOINT WARNING * * *
The +0 trident of protection completely misses you.
You block the +0 trident of protection's attack.
BONNNG!
The deep elf pyromancer mumbles some strange words.
The deep elf pyromancer blinks!
You block the +0 trident of protection's attack.
PANG!
The deep elf pyromancer hits you but does no damage.
Unknown command.
Unknown command.
You feel much better. The liquid fire burns you!
You block the +0 trident of protection's attack.
SHROANNG!
You block the deep elf pyromancer's attack.
GONNNNG!
Unknown command.
Unknown command.
You hit the +0 trident of protection but do no damage.
The liquid fire burns you!
* * * LOW HITPOINT WARNING * * *
You block the +0 trident of protection's attack.
BONNNG!
The deep elf archer unwields a +0 longbow.
The deep elf archer wields a +0 short sword.
You block the deep elf archer's attack.
GONNNNG!
You block the +0 trident of protection's attack.
SHROANNG!
The deep elf pyromancer hits you but does no damage.
Unknown command.
Unknown command.
You closely miss the +0 trident of protection.
The liquid fire burns you!
You die...

▓▓▓▓▓▓▓▓▓▓▓▓▓
▓.8©8.▓.8©8.▓
▓.)==.▓.....▓
▓.....▓.|...▓
▓.....▓.....▓
▓.e(..▓.))..▓
▓..@..▓..©..▓
▓.e©..▓▓▓▓▓▓▓
▓▓▓▓▓▓▓


You could see a deep elf archer (repels missiles), a deep elf pyromancer and a
+0 trident of protection.

Vanquished Creatures
  An orc wizard (D)
  An orc (D)
2 creatures vanquished.

Notes
Turn   | Place    | Note
-------+----------+-------------------------------------------
     0 | D        | Groucho the Naga Fighter began the quest for the Orb.
     0 | D        | Reached XP level 1. HP: 21/21 MP: 1/1
    18 | D        | Found a blossoming altar of Fedhas.
    18 | D        | Found the +6 Majin-Bo {spellvamp, MP+6 Int+6}
    18 | D        | Found the +27 heavy crossbow "Sniper" {heavy, Acc+∞ SInv}
    18 | D        | Found the +10 dark maul {heavy}
    18 | D        | Found the +15 Maxwell's patent armour {-Cast -Tele rElec
                  | Will+ rCorr}
    18 | D        | Found the +18 shield of the Gong {Loud rN+ Will+ rCorr
                  | EV-5}
    18 | D        | Found the +16 obsidian axe {drain, demonic, Mesm ^Drain Fly
                  | SInv}
    18 | D        | Found the +7 great mace "Firestarter" {flame, immolate,
                  | rFlCloud rF++}
    18 | D        | Found the +6 shillelagh "Devastator" {shatter}
    18 | D        | Found the +11 plutonium sword {^Contam Stlth-}
    18 | D        | Found the +8 lance "Wyrmbane" {slay drac, rPois rF+ rC+
                  | AC+3}
    18 | D        | Found the +9 sword of Zonguldrok {reap}
    18 | D        | Found the +13 scythe of Curses {drain, curses, ^Drain}
    18 | D        | Found the +9 sword of Power {lifebolt}
    18 | D        | Found the +7 mace of Variability {chaos, chaos arc}
    18 | D        | Found the +11 Singing Sword {sonic wave}
    18 | D        | Found the +8 storm bow {elec, penet}
    19 | D        | Found a transporter.
    19 | D        | Found a viscous altar of Jiyva.
    19 | D        | Found an ancient bone altar of Kikubaaqudgha.
    19 | D        | Found a hazy altar of Hepliaklqana.
    19 | D        | Found a corrupted altar of Lugonu.
    19 | D        | Found an opulent altar of Gozag.
    19 | D        | Found a burning altar of Makhleb.
    26 | D        | Found a sparkling altar of Nemelex Xobeh.
    26 | D        | Found an iron altar of Okawaru.
    26 | D        | Found a stormy altar of Qazlal.
    26 | D        | Found a sacrificial altar of Ru.
    33 | D        | Found a shimmering blue altar of Sif Muna.
    46 | D        | Found a bloodstained altar of Trog.
    81 | D        | Became a worshipper of Cheibriados the Contemplative
   101 | D        | Entered arena 2.
   101 | D        | Noticed an orc wizard
   101 | D        | Found a transporter.
   107 | D        | Killed an orc wizard
   107 | D        | Reached * piety under Cheibriados
   108 | D        | Reached skill level 1 in Dodging
   108 | D        | Reached XP level 2. HP: 30/30 MP: 1/3
   108 | D        | Reached XP level 3. HP: 36/36 MP: 1/4
   545 | D        | Entered arena 3.
   545 | D        | Noticed a deep elf archer
   545 | D        | Noticed a +0 trident of protection
   545 | D        | Noticed a deep elf pyromancer
   545 | D        | Found a transporter.
   550 | D        | Incinerated by a deep elf pyromancer

Illustrated notes

Levels and vault maps discovered:
D:        sprint_v [room_start, room_1, room_2, room_3, room_4, room_5, room_6,
          room_7, room_8, room_9, room_10, room_11, room_12, room_13, room_14,
          room_15, room_16, room_17, room_18, room_19, room_20, room_21,
          room_22, room_23, room_24, room_25, room_26, room_27]

Skill      XL: |  1 |
---------------+----+-----
Maces & Flails | 2 |  2.1
Armour         | 3 |  3.1
Dodging        | 1 |  1.6
Shields        | 3 |  3.4
Invocations    | 2 |  2.2
Fighting       | |  3.8
Axes           | |  2.0

Action                     || total
---------------------------++-------
  Melee: Shillelagh        ||     7
    Use: Potion            ||     1
 Armour: Plate armour      ||     3
  Dodge: Dodged            ||     1
  Block: Kite shield       ||    15

Table legend: (Time is in decaauts)
 A = Elapsed time spent in this place.
 B = Non-inter-level travel time spent in this place.
 C = Inter-level travel time spent in this place.
 D = Time resting spent in this place.
 E = Time spent auto-exploring this place.
 F = Levels seen in this place.
 G = Mean time per level.
                   A        B        C        D        E       F      G
               +--------+--------+--------+--------+--------+-----+--------+
         Total |    590 |    590 |      0 |    429 |      0 |   1 |  590.0 |
       Dungeon |    590 |    590 |      0 |    429 |      0 |   1 |  590.0 |
               +--------+--------+--------+--------+--------+-----+--------+

Top non-repeatable levels by time:
       D: 590 daAuts
